 Dungeon Crawl Stone Soup version 0.28.0-43-g3370ac3207 (webtiles) character file.

Game seed: 15773729672637972304

36 Faeu the Shield-Bearer (level 3, -5/33 HPs)
             Began as a Minotaur Fighter on Mar 20, 2022.
             Was a Priest of Jiyva.
             Slain by a small abomination (13 damage)
             ... on level 3 of the Dungeon.
             The game lasted 00:11:42 (1881 turns).

Faeu the Shield-Bearer (Minotaur Fighter)           Turns: 1881, Time: 00:11:43

Health: -5/33      AC: 10    Str: 22    XL:     3   Next: 19%
Magic:  2/2        EV: 12    Int:  5    God:    Jiyva [***...]
Gold:   27         SH:  5    Dex: 15    Spells: 2/2 levels left

rFire   . . .      SeeInvis .   a - +0 long sword {long}
rCold   . . .      Faith    .   c - +0 buckler
rNeg    . . .      Spirit   .   b - +0 scale mail
rPois   +          Reflect  .   (helmet restricted)
rElec   .          Harm     .   (no cloak)
rCorr   +          Rampage  .   (no gloves)
Will    .....                   (no boots)
Stlth   ..........              (no amulet)
HPRegen 1.23/turn               m - +6 ring of dexterity
MPRegen 0.43/turn               (no ring)

@: no status effects
A: horns 2, retaliatory headbutt, poison resistance, gelatinous body 3
a: Renounce Religion, Oozemancy


You were on level 3 of the Dungeon.
You worshipped Jiyva.
Jiyva was most pleased with you.
You visited 1 branch of the dungeon, and saw 3 of its levels.

You collected 27 gold pieces.


Innate Abilities, Weirdness & Mutations

You have a pair of horns on your head.
You reflexively headbutt those who attack you in melee.
Your system is resistant to poisons. (rPois)
Your gelatinous body deflects attacks. (AC +3, EV +3)


   Skills:
 + Level 4.1 Fighting
 + Level 3.1 Long Blades
 + Level 4.0 Armour
 + Level 4.1 Shields


You had 2 spell levels left.
You didn't know any spells.
Your spell library was empty.

Inventory:

Hand Weapons
 a - a +0 long sword (weapon) {long}
 l - a +0 dagger of freezing {short}
   (You took it off a kobold on level 2 of the Dungeon)
Missiles
 f - 37 stones (quivered) {throwing}
 g - 16 arrows
Armour
 b - a +0 scale mail (worn)
 c - a +0 buckler (worn)
Jewellery
 m - a +6 ring of dexterity (left hand)
   (You found it on level 3 of the Dungeon)
Scrolls
 h - a scroll of immolation {unknown}
 k - a scroll of identify {unknown}
 n - a scroll of magic mapping {unknown}
Potions
 d - 2 potions of might
 e - a potion of resistance {unknown}
 i - 2 potions of flight {unknown}
 j - a potion of berserk rage {unknown}
 o - a potion of attraction {unknown}

Dungeon Overview and Level Annotations

Branches:
Dungeon (3/15)

Altars:
The Shining One
Jiyva

Shops:
D:3 ?

Portals:
Abyss: D:3

Annotations:
D:3 1 transporter, drbonez's ghost, amateur GrEE

#........................... ##
#.#####................©....
.#####.#####....####.......###...
..........##....##.###.J.###.##..
..####.##.##....##...##JJ# .#.#..
..# #.##.##.....#....####W. ##..
..# #..........##..#..W[.#.##...
### ####.##...##x.####.##.##....
###### #.###..#@..# ....#©#.....
.....# #.###..##.## ####..###...
.....# #.##....##..##.### .###..
.....####.......##..#....##.∩:#..
...............##.^####...##..#..
.....#####.....#.#/##.##..##.##..
.....######.#..##.$....#..#..#...
........# #.#...####..##..##x#...
##.####.# #......J.####....###...


You could see a small abomination.


Message History

You hear a distant slurping noise.
There is a transporter landing site here.
Jiyva says: Divide and consume!
m - a +6 ring of dexterity You feel agile.
m - a +6 ring of dexterity (left hand)
You hear a distant slurping noise. x2
There is a transporter landing site here.
You hear a distant slurping noise.
You hear a distant slurping noise.
You hear a distant slurping noise.
You hear a distant slurping noise.
You hear a squelching noise.
f - 37 stones {throwing} (gained 11)
You hear a distant slurping noise.
n - a scroll labelled WERYTESUSI You hear a distant slurping noise.
o - a bubbling golden potion You hear a distant slurping noise.
You hear a distant slurping noise.
A dart slug comes into view.
You hear a distant slurping noise.
You see here 7 gold pieces.
A dart slug is nearby!
The dart slug bites you but does no damage.
You slash the dart slug! You headbutt the dart slug.
You kill the dart slug!
You now have 27 gold pieces (gained 7).
A goblin comes into view. It is wielding a +0 club.
The goblin shouts!
The goblin misses you.
You hit the goblin.
You kill the goblin!
You see here a +0 club {mace}.
Found a stone staircase leading down.
Found a stone staircase leading down.
Found a one-way gate to the infinite horrors of the Abyss.
Drbonez's ghost turns its malevolent gaze towards you.
There is a transporter here.
A goblin comes into view. It is wielding a +0 dagger.
The goblin shouts!
Found a stone staircase leading up.
The goblin hits you but does no damage.
You barely miss the goblin. Your headbutt misses the goblin.
The goblin closely misses you.
You completely miss the goblin. You headbutt the goblin.
You kill the goblin!
You see here a +0 dagger {short}.
You hear a slurping noise.
There is a stone staircase leading up here.
Found a stone staircase leading up.
Jiyva will now mutate your body as you gain piety.
You can now call acidic ooze from nearby walls.
Found Wykoot's Magic Scroll Emporium.
Jiyva gurgles merrily.
There is an entrance to Wykoot's Magic Scroll Emporium here.
There is an entrance to Wykoot's Magic Scroll Emporium here.
Found a stone staircase leading down.
There is a stone staircase leading down here.
Found a glowing golden altar of the Shining One.
Jiyva alters your body.
You feel resistant to poisons.
Your body becomes stretchy.
Your body becomes more malleable.
Your body becomes viscous.
You hear a distant slurping noise.
Partly explored, unvisited transporter.
There is a transporter landing site here.
You can't go down here!
You can't go up here!
Hit: a) +0 long sword {long}
Press: ? - help, Dir - move target, f - small abomination
Aim: a small abomination (wandering, hasn't noticed you, fire blocked by a translucent stone wall, about 40% to evade your +0 long sword)
You can't get through.
Okay, then.
There is a transporter here.
There is a transporter here.
You enter the transporter and appear at another place.
You hit the small abomination.
The small abomination closely misses you.
You hit the small abomination.
The small abomination closely misses you.
The small abomination hits you but does no damage.
You hit the small abomination. The small abomination misses you.
The small abomination hits you. 😕 HP[-3]
You take 3 damage, and now have 30/33 hp.
You hit the small abomination but do no damage.
Your headbutt misses the small abomination.
The small abomination hits you but does no damage. x2 😕 HP[+1]
You hit the small abomination but do no damage.
The small abomination hits you! x2
* * * LOW HITPOINT WARNING * * *
😱 HP[-24]
You take 24 damage, and now have 7/33 hp.
MASSIVE DAMAGE!! (PAUSE)
You hit the small abomination. The small abomination hits you.
* * * LOW HITPOINT WARNING * * *
😱 HP[-1]
You take 1 damage, and now have 6/33 hp.
You hit the small abomination. You headbutt the small abomination.
The small abomination hits you!
You die...

Skill      XL: |  1  2 |
---------------+-------+-----
Fighting       | 4 |  4.1
Armour         | 4 |  4.0
Shields        | 4 |  4.1
Long Blades    | 3 |  3.1

Action                   || total
-------------------------++-------
Melee: Long sword        ||    62
       Headbutt          ||     8
Armor: Scale mail        ||    49
Dodge: Dodged            ||    42
Block: Buckler           ||    22

Levels and vault maps discovered:
D:1:      dpeg_arrival_orchard, layout_loops_ring,
          hellmonk_ecumenical_altar_leap_of_faith, minmay_tree_intersection,
          st_stairs_10, minmay_misc_feat_tiny
D:2:      layout_rooms
D:3:      layout_loops_cross, old_standard_altar,
          gammafunk_ghost_abyssal_escape, serial_shops, shop

Notes
Turn   | Place    | Note
-------+----------+-------------------------------------------
     0 | D:1      | Faeu the Minotaur Fighter began the quest for the Orb.
     0 | D:1      | Reached XP level 1. HP: 19/19 MP: 0/0
     0 | D:1      | magus.rc [v1.9.6]
   263 | D:1      | Reached XP level 2. HP: 25/27 MP: 1/1
   472 | D:1      | Reached skill level 4 in Fighting
   509 | D:1      | Found a faded altar of an unknown god.
   513 | D:1      | Prayed at the altar of an unknown god.
   513 | D:1      | Became a worshipper of Jiyva Jireeng the Shapeless
   513 | D:1      | Reached * piety under Jiyva
   673 | D:1      | Reached skill level 4 in Armour
   673 | D:1      | Reached skill level 4 in Shields
   911 | D:2      | Reached skill level 3 in Long Blades
   949 | D:2      | Reached XP level 3. HP: 33/33 MP: 2/2
  1002 | D:2      | Reached ** piety under Jiyva
  1291 | D:3      | Found a transporter.
  1331 | D:3      | Found a transporter.
  1435 | D:3      | Noticed a small abomination
  1520 | D:3      | Found a one-way gate to the infinite horrors of the Abyss.
  1520 | D:3      | Noticed drbonez's ghost (amateur GrEE)
  1521 | D:3      | Noticed a small abomination
  1568 | D:3      | Reached *** piety under Jiyva
  1637 | D:3      | Found Wykoot's Magic Scroll Emporium.
  1661 | D:3      | Found a glowing golden altar of the Shining One.
  1662 | D:3      | Gained mutation: Your system is resistant to poisons.
                  | (rPois) [Jiyva's grace]
  1662 | D:3      | Gained mutation: Your rubbery body absorbs attacks. (AC +1,
                  | EV +1) [Jiyva's grace]
  1662 | D:3      | Gained mutation: Your pliable body absorbs attacks. (AC +2,
                  | EV +2) [Jiyva's grace]
  1662 | D:3      | Gained mutation: Your gelatinous body deflects attacks. (AC
                  | +3, EV +3) [Jiyva's grace]
  1879 | D:3      | HP: 7/33 [small abomination (13)]
  1881 | D:3      | Slain by a small abomination

Vanquished Creatures
  3 dart slugs
  4 ball pythons
  An endoplasm (D:1)
  4 giant cockroaches
  5 goblins
  3 hobgoblins (D:1)
  A kobold (D:2)
  2 bats (D:1)
  3 rats
26 creatures vanquished.

Vanquished Creatures (others)
  A jelly (D:2)
  An adder (D:2)
  A giant cockroach (D:2)
  2 hobgoblins (D:2)
  2 jackals (D:2)
  A kobold (D:2)
  4 ball pythons
  2 bats
14 creatures vanquished.

Grand Total: 40 creatures vanquished

Table legend:
 A = Non-vault XP
 B = Vault XP
 C = Vault XP percentage of total XP
 D = Non-vault monster count
 E = Vault monster count
 F = Vault count percentage of total count
                 A         B        C        D         E       F
            +---------+---------+-------+---------+---------+-------
      Total |      47 |       5 |   9.6 |      23 |       3 |  11.5
            +---------+---------+-------+---------+---------+-------
        D:1 |      29 |       5 |  14.7 |      15 |       3 |  16.7
        D:2 |      10 |       0 |   0.0 |       5 |       0 |   0.0
        D:3 |       8 |       0 |   0.0 |       3 |       0 |   0.0
            +---------+---------+-------+---------+---------+-------

Illustrated notes

Table legend:
 A = Kills in this place as a percentage of kills in entire the game.
 B = Kills by you in this place as a percentage of kills by you in the entire game.
 C = Kills by friends in this place as a percentage of kills by friends in the entire game.
 D = Other kills in this place as a percentage of other kills in the entire game.
 E = Experience gained in this place as a percentage of experience gained in the entire game.
 F = Experience gained in this place divided by the number of levels of this place that you have seen.
                   A       B       C       D       E      F
               +-------+-------+-------+-------+-------+----------------------
         Total | 100.0 | 100.0 |   N/A |   N/A | 100.0 |  17.3
       Dungeon | 100.0 | 100.0 |   N/A |   N/A | 100.0 |  17.3
               +-------+-------+-------+-------+-------+----------------------

Table legend: (Time is in decaauts)
 A = Elapsed time spent in this place.
 B = Non-inter-level travel time spent in this place.
 C = Inter-level travel time spent in this place.
 D = Time resting spent in this place.
 E = Time spent auto-exploring this place.
 F = Levels seen in this place.
 G = Mean time per level.
                   A        B        C        D        E       F      G
               +--------+--------+--------+--------+--------+-----+--------+
         Total |   1898 |   1898 |      0 |      0 |   1226 |   3 |  632.7 |
       Dungeon |   1898 |   1898 |      0 |      0 |   1226 |   3 |  632.7 |
               +--------+--------+--------+--------+--------+-----+--------+

Top non-repeatable levels by time:
     D:1: 894 daAuts
     D:3: 596 daAuts
     D:2: 407 daAuts
